 Dungeon Crawl Stone Soup version 0.18.1-48-g4cf74bf (webtiles) character file.

367 Heedrag the Conjurer (level 6, 0/32 HPs)
             Began as a Deep Elf Conjurer on Aug 29, 2016.
             Slain by a scorpion (9 damage)
             ... on level 6 of the Dungeon.
             The game lasted 00:05:54 (2566 turns).

Heedrag the Conjurer (Deep Elf Conjurer)            Turns: 2566, Time: 00:05:56

Health: 0/32       AC:  2    Str:  7    XL:     6   Next: 41%
Magic:  5/16       EV: 13    Int: 20    God:
Gold:   81         SH:  0    Dex: 18    Spells: 3 memorised, 5 levels left

rFire  + . .     SeeInvis .     j - +2 dagger (holy)
rCold  . . .     Gourm    .     a - +0 robe
rNeg   . . .     Faith    .     (no shield)
rPois  .         Spirit   .     (no helmet)
rElec  .         Dismiss  .     (no cloak)
rCorr  .         Reflect  .     (no gloves)
SustAt .         Harm     .     (no boots)
MR     .....                    (no amulet)
Stlth  ++........               l - +3 ring of dexterity
                                f - ring of protection from fire

@: lethally poisoned (0 -> -12), very slightly contaminated, not resistant to
hostile enchantments, unstealthy
A: no striking features
a: no special abilities


You were on level 6 of the Dungeon.
You were hungry.

You visited 1 branch of the dungeon, and saw 5 of its levels.

You collected 81 gold pieces.

Inventory:

Hand Weapons
 j - a +2 dagger of holy wrath (weapon)
Armour
 a - a +0 robe (worn)
Jewellery
 f - a ring of protection from fire (left hand)
 l - a +3 ring of dexterity (right hand)
Scrolls
 e - 2 scrolls of remove curse {unknown}
 i - a scroll of enchant armour {unknown}
 k - 4 scrolls of identify {unknown}
 m - a scroll of teleportation {unknown}
 p - a scroll of amnesia {unknown}
 q - a scroll of blinking {unknown}
Potions
 d - a potion of might {unknown}
 g - a potion of degeneration {unknown}
 h - a potion of flight {unknown}
 n - 2 potions of lignification {unknown}
Books
 b - a book of Conjurations

   Spells                             Type                      Level
   a - Magic Dart                     Conjuration                  1
   b - Searing Ray                    Conjuration                  2
   c - Dazzling Spray                 Conjuration/Hexes            3
   d - Fulminant Prism                Conjuration/Hexes            4
   e - Iskenderun's Mystic Blast      Conjuration                  4
   f - Iskenderun's Battlesphere      Conjuration/Charms           5
Comestibles
 c - 2 bread rations
 o - a beef jerky


   Skills:
 - Level 2.4 Dodging
 - Level 2.4 Stealth
 + Level 5.3 Spellcasting
 * Level 7.3 Conjurations
 + Level 2.4 Charms


You had 5 spell levels left.
You knew the following spells:

 Your Spells              Type           Power        Failure   Level  Hunger
a - Magic Dart            Conj           ####         1%          1    None
b - Iskenderun's Mystic   Conj           ####....     8%          4    ####...
c - Iskenderun's Battles  Conj/Chrm      ###.....     45%         5    #####..


Dungeon Overview and Level Annotations

Branches:
Dungeon (6/15)
 Temple: D:4-7

Altars:

Shops:
D:5 !

Annotations:
D:4 Eustachio, Pikel
D:5 exclusion: two-headed ogre, Prince Ribbit
D:6 Murtagy's ghost, novice MiFi


Message History

Aimin': Magic Dart
Press: ? - help, Shift-Dir - straight line, f/p - scorpion
Aim: a scorpion (moderately wounded) Tha magic dart hits tha scorpion.
Tha scorpion be moderately wounded.
Tha scorpion stin's ye.
Ye be leth'lly poison'd!
Tha scorpion poisons ye!
Castin': Magic Dart Confirm wit' . or Enter, or press ? or * ta list all spells.
Aimin': Iskenderun's Mestic Blast
Press: ? - help, Shift-Dir - straight line, f/p - scorpion
Aim: a scorpion (moderately wounded) Ye miscast Iskenderun's Mestic Blast.
Ye be very lightly contaminated wit' residual magic.
Ye feel a strange surge o' energy!
Ye be feelin' hungry.
* * * LOW HITPOINT WARNIN'
* * * Ye feel sick.
Tha scorpion stin's ye!
Ye die...

####### #.....#
######## ###.###
.......# #...#<#
######.#####.....#
#####.......######
....'..............
#####.......########..#
)....(((........@s....#
####################..#
.


You could see a scorpion.

Vanquished Creatures
  An orc warrior (D:6)
  A scorpion (D:5)
  A giant frog zombie (D:6)
  A giant frog skeleton (D:4)
  2 orc wizards (D:5)
  A worker ant (D:5)
  A killer bee zombie (D:5)
  An ooze (D:1)
  2 dart slugs (D:1)
  3 giant geckos
  7 orcs
  3 giant cockroaches (D:1)
  7 goblins
  6 hobgoblins
  A quokka (D:6)
  A ball python (D:2)
  8 bats
  3 giant newts (D:1)
  3 kobolds
  A quokka zombie (D:5)
  5 rats (D:1)
59 creatures vanquished.

Vanquished Creatures (others)
  A hound (D:5)
1 creature vanquished.

Grand Total: 60 creatures vanquished

Notes
Turn   | Place    | Note
--------------------------------------------------------------
     0 | D:1      | Heedrag the Deep Elf Conjurer began the quest for the Orb.
     0 | D:1      | Reached XP level 1. HP: 10/10 MP: 6/6
   167 | D:1      | Reached XP level 2. HP: 14/15 MP: 0/8
   518 | D:1      | Reached skill level 5 in Conjurations
   530 | D:1      | Reached XP level 3. HP: 19/19 MP: 0/10
  1145 | D:2      | You fall through a shaft for 2 floors!
  1157 | D:4      | Reached XP level 4. HP: 21/24 MP: 1/12
  1163 | D:4      | Learned a level 4 spell: Iskenderun's Mystic Blast
  1243 | D:4      | Noticed a slave
  1284 | D:4      | Noticed Eustachio
  1376 | D:4      | Noticed a slave
  1376 | D:4      | Noticed a slave
  1377 | D:4      | Noticed Pikel
  1377 | D:4      | Noticed a slave
  1408 | D:5      | Entered Level 5 of the Dungeon
  1613 | D:5      | Reached skill level 6 in Conjurations
  1664 | D:5      | Found Taxoqut's Distillery.
  1772 | D:5      | Reached XP level 5. HP: 28/28 MP: 8/14
  1794 | D:5      | Learned a level 5 spell: Iskenderun's Battlesphere
  1932 | D:5      | Reached skill level 5 in Spellcasting
  1932 | D:5      | Reached skill level 1 in Charms
  2116 | D:5      | Noticed a two-headed ogre
  2145 | D:5      | Noticed Prince Ribbit
  2353 | D:6      | Reached XP level 6. HP: 22/32 MP: 7/15
  2430 | D:6      | Reached skill level 7 in Conjurations
  2431 | D:6      | Noticed an orc warrior
  2451 | D:6      | Killed an orc warrior
  2517 | D:6      | Noticed Murtagy's ghost (novice MiFi)
  2566 | D:6      | Slain by a scorpion

Skill      XL: |  1  2  3  4  5  6 |
---------------+-------------------+-----
Conjurations   | 5 6 7 |  7.3
Spellcasting   | 4 5 |  5.3
Charms         | 1 2 |  2.4
Dodging        | |  2.4
Stealth        | |  2.4

Action                   |  1- 3 |  4- 6 || total
-------------------------+-------+-------++-------
Melee: Dagger            |    10 |     1 ||    11
 Cast: Magic Dart        |    70 |    80 ||   150
       Iskenderun's Batt |       |     1 ||     1
  Eat: Chunk             |       |     5 ||     5
Armor: Robe              |     2 |     3 ||     5
Dodge: Dodged            |    16 |    21 ||    37
